 Dungeon Crawl Stone Soup version 0.30.0-19-g36f170ea60 (webtiles) character file.

Game seed: 2937299500959035170

64113 GimliDwarf the Stormcaller (level 15, -16/80 HPs)
             Began as a Tengu Air Elementalist on June 1, 2023.
             Was the Champion of Qazlal.
             Killed from afar by Frances (53 damage)
             ... with an iron shot
             ... on level 12 of the Dungeon.
             The game lasted 02:20:59 (23035 turns).

GimliDwarf the Stormcaller (TeAE)                  Turns: 23035, Time: 02:20:59

Health: -16/80     AC: 16    Str:  9    XL:     15   Next: 11%
Magic:  7/33       EV: 19    Int: 25    God:    Qazlal [******]
Gold:   2925       SH:  8    Dex: 16    Spells: 4/41 levels left

rFire   . . .        L - +3 rapier "Caapt" {flame, Int+4}
rCold   . . .        (no shield)
rNeg    . . .        H - +1 troll leather armour
rPois   .            F - +2 hat
rElec   .            f - +2 cloak
rCorr   .            n - +1 pair of gloves
SInv    +            (boots unavailable)
Will    +....        i - amulet of magic regeneration
Stlth   +            e - +5 ring of evasion
HPRegen 1.13/turn    c - ring of see invisible
MPRegen 0.63/turn

%: repel missiles
@: protected from physical damage, flying quickly and evasively, quick
A: beak, talons 3, nimble flight
a: Renounce Religion, Upheaval, Elemental Force, Disaster Area


You were on level 12 of the Dungeon.
You worshipped Qazlal.
Qazlal was exalted by your worship.
You visited 4 branches of the dungeon, and saw 20 of its levels.
You also visited: Sewer and Gauntlet.

You collected 2995 gold pieces.
You spent 70 gold pieces at shops.

Inventory:

Hand Weapons
 l - a +4 dagger of speed
 D - a +6 shortbow of freezing
 K - the +11 whip of Hubris {pain, MP-9 Dex+6}
   (You found it in a Gauntlet)

   Dex:       It affects your dexterity (+6).
   MP:        It affects your magic capacity (-9).
 L - the +3 rapier "Caapt" (weapon) {flame, Int+4}
   (You found it on level 4 of the Lair of Beasts)

   Int:       It affects your intelligence (+4).
Missiles
 s - 3 throwing nets
Armour
 f - a +2 cloak (worn)
 n - a +1 pair of gloves (worn)
 C - a +1 cloak of poison resistance
 F - a +2 hat (worn)
 H - a +1 troll leather armour (worn)
Magical Staves
 p - a staff of poison
 J - a staff of earth
Jewellery
 c - a ring of see invisible (right hand)
 d - an amulet of the acrobat
 e - a +5 ring of evasion (left hand)
 i - an amulet of magic regeneration (around neck)
 z - a ring of ice
 E - the ring "Xalofoh" {Will+ Int+6}
   (You found it on level 2 of the Lair of Beasts)

   [ring of intelligence]

   Int:       It affects your intelligence (+6).
   Will:      It increases your willpower.
Wands
 k - a wand of flame (39)
 w - a wand of polymorph (18)
 y - a wand of iceblast (1)
 G - a wand of paralysis (11)
Scrolls
 a - 3 scrolls of magic mapping {unknown}
 q - 2 scrolls of brand weapon
 r - 3 scrolls of teleportation
 v - 2 scrolls of amnesia
 A - 2 scrolls of fog
 I - a scroll of enchant weapon
 M - a scroll of silence
 N - a scroll of blinking
Potions
 b - a potion of magic
 g - 7 potions of curing
 h - 2 potions of mutation
 j - 2 potions of resistance
 m - a potion of brilliance
 o - 4 potions of haste
 t - 2 potions of ambrosia
 u - 2 potions of heal wounds
 x - a potion of might
 B - 2 potions of cancellation


   Skills:
 + Level 4.1 Fighting
 + Level 5.2 Short Blades
 - Level 0.1 Staves
 - Level 4.3 Armour
 - Level 2.8 Dodging
 - Level 2.0 Stealth
 - Level 0.1 Shields
 + Level 13.7 Spellcasting
 * Level 12.5 Conjurations
 * Level 8.8 Summonings
 - Level 4.5 Translocations
 + Level 9.6 Fire Magic
 + Level 0.1 Ice Magic
 + Level 15.7 Air Magic
 + Level 5.6 Evocations


You had 4 spell levels left.
You knew the following spells:

 Your Spells              Type           Power      Damage    Failure   Level
a - Shock                 Conj/Air       100%       1d9       0%          1
c - Airstrike             Air            38%        2d(6-22)  1%          4
d - Hailstorm             Conj/Ice       49%        3d11      1%          3
e - Volatile Blastmotes   Fire/Tloc      100%       2d18      1%          3
f - Iskenderun's Mystic   Conj/Tloc      56%        2d12      1%          4
g - Iskenderun's Battles  Conj           68%        2d12      1%          5
h - Starburst             Conj/Fire      32%        6d10      8%          6
i - Summon Forest         Summ/Tloc      25%        N/A       9%          5
j - Summon Cactus Giant   Summ           28%        N/A       19%         6

Your spell library contained the following spells:

 Spells                   Type           Power      Damage    Failure   Level
 Summon Small Mammal      Summ           100%       N/A       1%          1
 Cigotuvi's Dreadful Rot  Necr/Pois/Air  86%        N/A       1%          2
 Momentum Strike          Conj/Tloc      100%       3d10      1%          2
 Static Discharge         Conj/Air       100%       2-7/arc   1%          2
 Call Canine Familiar     Summ           57%        N/A       1%          3
 Dazzling Flash           Conj/Hex       96%        N/A       1%          3
 Swiftness                Air            77%        N/A       1%          3
 Summon Guardian Golem    Hex/Summ       39%        N/A       2%          3
 Freeze                   Ice            72%        1d8       4%          1
 Necrotise                Necr           68%        1d7       4%          1
 Frozen Ramparts          Ice            36%        1d6       13%         3
 Vampiric Draining        Necr           17%        2d7       14%         3
 Summon Mana Viper        Hex/Summ       39%        N/A       21%         5
 Spellforged Servitor     Conj/Summ      31%        N/A       43%         7
 Iron Shot                Conj/Erth      24%        9d5       47%         6
 Agony                    Necr           17%        N/A       77%         5
 Simulacrum               Ice/Necr       8%         N/A       100%        6
 Ozocubu's Refrigeration  Ice            9%         4d9       100%        7
 Necromutation            Tmut/Necr      8%         N/A       100%        8
 Polar Vortex             Ice            9%         N/A       100%        9


Dungeon Overview and Level Annotations

Branches:
Dungeon (12/15)            Temple (1/1) D:5            Lair (5/5) D:11
  Swamp (0/4) Lair:3       Spider (0/4) Lair:3        Slime (0/5) Lair:5
    Orc (2/2) D:11            Elf (0/3) Orc:2         Sewer (visited)
Gauntlet (visited)

Altars:
Ashenzari
Cheibriados
Dithmenos
Elyvilon
Fedhas
Gozag
Makhleb
Nemelex Xobeh
Okawaru
Qazlal
Ru
Sif Muna
Trog
Uskayaw
Vehumet
Wu Jian
Xom
Yredelemnul
Zin
The Shining One
Jiyva

Shops:
Orc:2 ![=(:

Annotations:
D:4 2 transporters, Lance11888's ghost, novice AtHs
D:6 2 runed translucent doors
D:12 Frances
Lair:2 2 transporters


Innate Abilities, Weirdness & Mutations

You have a beak for a mouth.
You have claws for feet.
Your magical nature lets you fly swiftly and evasively.


Message History

The sixfirhy is heavily wounded.
The sixfirhy is knocked back by the mystic blast.
The sixfirhy collides with Frances!
Frances is heavily wounded.
The sixfirhy is severely wounded.
The sixfirhy hits you! The sixfirhy shocks you!
Casting: Iskenderun's Mystic Blast (mildly dangerous; 1% risk of failure)
Confirm with . or Enter, or press ? or * to list all spells.
You erupt in a blast of force!
The mystic blast hits Frances!!
Frances is severely wounded.
Frances is knocked back by the mystic blast.
The mystic blast hits the sixfirhy!
The sixfirhy is almost dead.
The sixfirhy is knocked back by the mystic blast.
Frances says, "I will defeat you, of this I have no doubt!"
The sixfirhy hits you. The sixfirhy shocks you!
* * * LOW HITPOINT WARNING * * *
The sixfirhy misses you. The sixfirhy hits you.
* * * LOW HITPOINT WARNING * * *
The sixfirhy shocks you!
* * * LOW HITPOINT WARNING * * *
The sixfirhy hits you but does no damage.
You see here a +1 mace of protection.
Casting: Iskenderun's Mystic Blast (mildly dangerous; 1% risk of failure)
Confirm with . or Enter, or press ? or * to list all spells.
You erupt in a blast of force!
The mystic blast hits the sixfirhy!
You kill the sixfirhy!
The sixfirhy disappears in a puff of smoke!
Casting: Iskenderun's Mystic Blast (mildly dangerous; 1% risk of failure)
Confirm with . or Enter, or press ? or * to list all spells.
You erupt in a blast of force!
The mystic blast hits Frances.
Frances is severely wounded.
Frances is knocked back by the mystic blast.
Frances slams into the rock wall!
You feel much better.
Frances chants phrases taken from a devil's mouth.
The iron shot hits you!!!
You feel protected from physical attacks.
Ouch! That really hurt!
You die...

##...............# #.# ..
.4...)...........# #.# ##
#.....4..........# #.##.#
#................# #.##.#
#.........4......# #.##.#
##..........4....# #.##.#
#...............# #.##.#
#.............○☼####.##.#
########.####@§@'..<..#.#
#...##§.☼###.###.#
###.##...# #..)..#
#.##...# ####### #....###
######


You could see Frances (fast), an orange demon (summoned) and a hellwing
(summoned).

Vanquished Creatures
  Jorgrun (Orc:1)
  2 orc warlords
  A dire elephant (Lair:5)
  2 hydras
  An ice dragon (Lair:5)
  A catoblepas (Lair:5)
  Harold (D:9)
  5 two-headed ogres
  Erica (D:8)
  3 boulder beetles
  6 death yaks (Lair:2)
  2 orc high priests (Orc:2)
  Nergalle (Lair:2)
  Sonja (Lair:5)
  3 orc knights (Orc:2)
  2 lindwurms (Lair:5)
  A deep elf pyromancer (D:12)
  An oklob plant (Lair:5)
  4 orc sorcerers
  2 cyclopes (D:11)
  Maurice (D:10)
  5 black mambas
  5 torpor snails (Lair:5)
  A molten gargoyle (Gauntlet)
  8 elephants
  A smoke demon (Gauntlet)
  2 gargoyles
  An unseen horror (D:11)
  5 cane toads
  8 komodo dragons
  4 trolls
  3 rime drakes
  Grinder (D:4)
  A meliai (Lair:3)
  3 tyrant leeches (Lair:5)
  10 polar bears
  4 blink frogs (Lair:3)
  14 hornets
  A raiju (Lair:5)
  2 shadows (D:11)
  2 vampires
  3 wraiths
  25 yaks
  2 wyverns
  Grum (D:10)
  3 basilisks
  2 steam dragons
  8 wargs
  5 vampire mosquitoes (D:12)
  An acid dragon (D:11)
  17 hell hounds
  2 swamp worms (Gauntlet)
  10 water moccasins
  An ice beast (D:7)
  20 orc warriors
  11 black bears (Lair:5)
  5 ogres
  26 wolves
  7 centaurs
  4 phantoms
  15 bullfrogs
  A scorpion (D:5)
  2 troll zombies (D:11)
  22 killer bees
  3 howler monkeys
  3 crimson imps (Gauntlet)
  3 jellies (D:4)
  3 hounds
  A gnoll bouda (D:5)
  12 orc priests
  2 sleepcaps (D:4)
  4 iguanas
  18 orc wizards
  6 hell rats (Lair:4)
  4 ogre zombies (D:11)
  9 gnolls
  8 adders
  A shadow imp (D:6)
  A white imp (D:8)
  2 worms
  A dart slug (D:1)
  59 orcs
  9 ball pythons
  5 bats
  10 endoplasms
  12 giant cockroaches
  7 goblins
  3 hobgoblins
  5 quokkas
  8 frilled lizards
  3 goblin zombies (D:11)
  A hobgoblin zombie (D:11)
  8 kobolds (D:4)
  2 orc skeletons (D:11)
  13 orc zombies (D:11)
  4 rats
  A snaplasher vine (Orc:2)
547 creatures vanquished.

Vanquished Creatures (collateral kills)
  An orc high priest (Orc:2)
  An orc knight (Orc:2)
  An orc sorcerer (Orc:2)
  An orc warrior (Orc:2)
  2 orc wizards (Orc:2)
6 creatures vanquished.

Vanquished Creatures (others)
  An orc wizard (D:11)
1 creature vanquished.

Grand Total: 554 creatures vanquished

Notes
Turn   | Place    | Note
-------+----------+-------------------------------------------
     0 | D:1      | GimliDwarf the Tengu Air Elementalist began the quest for
                  | the Orb.
     0 | D:1      | Reached XP level 1. HP: 10/10 MP: 4/4
    78 | D:1      | You fall into a shaft and drop 1 floor!
   225 | D:1      | Found a faded altar of an unknown god.
   235 | D:1      | Reached XP level 2. HP: 15/15 MP: 4/6
   252 | D:1      | Learned a level 2 spell: Static Discharge
  1297 | D:2      | Reached XP level 3. HP: 19/19 MP: 5/7
  2035 | D:3      | Found an opulent altar of Gozag.
  2068 | D:3      | Found an iron altar of Okawaru.
  2140 | D:3      | Reached skill level 1 in Fire Magic
  2438 | D:3      | Reached XP level 4. HP: 22/24 MP: 5/8
  2550 | D:3      | Learned a level 4 spell: Airstrike
  2602 | D:4      | Found a transporter.
  2611 | D:4      | Noticed Lance11888's ghost (novice AtHs)
  2661 | D:4      | Found a glowing drain.
  2742 | Sewer    | Entered a sewer
  2764 | Sewer    | Reached skill level 1 in Evocations
  2764 | Sewer    | Gained mutation: Your magical nature lets you fly swiftly
                  | and evasively. [Tengu growth]
  2764 | Sewer    | Reached XP level 5. HP: 20/28 MP: 5/9
  2868 | Sewer    | Reached skill level 5 in Air Magic
  2870 | Sewer    | HP: 1/42 [bullfrog (3)]
  2875 | Sewer    | HP: 1/42 [bullfrog (1)]
  2879 | Sewer    | Reached XP level 6. HP: 3/32 MP: 3/11
  3457 | D:4      | Reached skill level 5 in Conjurations
  3533 | D:4      | Found a shimmering altar of Xom.
  3613 | D:4      | Noticed Grinder
  3620 | D:4      | Paralysed by Grinder for 3 turns
  3650 | D:4      | Paralysed by Grinder for 2 turns
  3652 | D:4      | Killed Grinder
  3653 | D:4      | Reached XP level 7. HP: 36/36 MP: 5/13
  3891 | D:4      | Reached skill level 6 in Air Magic
  3933 | D:4      | Reached XP level 8. HP: 41/41 MP: 11/14
  4036 | D:4      | Found a transporter.
  4309 | D:4      | Learned a level 3 spell: Hailstorm
  4310 | D:5      | Entered Level 5 of the Dungeon
  4489 | D:5      | Noticed a wraith
  4780 | D:5      | Killed a wraith
  4781 | D:5      | Found a staircase to the Ecumenical Temple.
  4791 | Temple   | Entered the Ecumenical Temple
  4927 | Temple   | Became a worshipper of Qazlal Stormbringer
  5127 | D:5      | Found a white marble altar of Elyvilon.
  5191 | D:5      | Reached skill level 7 in Air Magic
  5386 | D:5      | Learned a level 3 spell: Volatile Blastmotes
  5611 | D:6      | Found a glowing golden altar of the Shining One.
  5641 | D:6      | Found a large runed translucent door.
  5642 | D:6      | Found a large runed translucent door.
  5695 | D:6      | Reached skill level 5 in Spellcasting
  5751 | D:6      | Reached XP level 9. HP: 45/45 MP: 12/17
  6056 | D:7      | Reached skill level 1 in Translocations
  6165 | D:7      | Found a glowing silver altar of Zin.
  6583 | D:8      | Noticed Erica
  6605 | D:7      | Learned a level 4 spell: Iskenderun's Mystic Blast
  6688 | D:8      | Found an ornate altar of the Wu Jian Council.
  6979 | D:8      | Reached * piety under Qazlal
  7095 | D:8      | Reached skill level 8 in Air Magic
  7409 | D:8      | Reached skill level 5 in Fire Magic
  7506 | D:8      | Killed Erica
  7507 | D:8      | Reached skill level 9 in Air Magic
  7507 | D:8      | Reached XP level 10. HP: 50/50 MP: 4/22
  7515 | D:8      | Learned a level 5 spell: Iskenderun's Battlesphere
  7972 | D:9      | Reached ** piety under Qazlal
  7973 | D:9      | Reached skill level 5 in Evocations
  8119 | D:9      | Found a basalt altar of Yredelemnul.
  8297 | D:9      | Noticed Harold
  8297 | D:9      | Noticed a two-headed ogre
  8663 | D:8      | Killed a two-headed ogre
  9036 | D:9      | Killed Harold
  9037 | D:9      | Reached skill level 10 in Air Magic
  9037 | D:9      | Reached XP level 11. HP: 49/54 MP: 5/25
  9545 | D:9      | Learned a level 6 spell: Starburst
  9546 | D:10     | Entered Level 10 of the Dungeon
  9721 | D:10     | Found a bloodstained altar of Trog.
  9723 | D:10     | Noticed Maurice
  9906 | D:10     | Noticed a two-headed ogre
  9919 | D:10     | Killed a two-headed ogre
  9996 | D:10     | Killed Maurice
 10230 | D:10     | Found a shimmering blue altar of Sif Muna.
 10595 | D:10     | Noticed Grum
 11042 | D:10     | Killed Grum
 11202 | D:11     | Noticed a two-headed ogre
 11207 | D:11     | Killed a two-headed ogre
 11208 | D:11     | Reached skill level 10 in Spellcasting
 11306 | D:11     | Reached skill level 1 in Summonings
 11457 | D:11     | Noticed a boulder beetle
 11467 | D:11     | Killed a boulder beetle
 11468 | D:11     | Reached skill level 11 in Air Magic
 11559 | D:11     | Noticed a boulder beetle
 11581 | D:11     | Killed a boulder beetle
 11666 | D:11     | Reached *** piety under Qazlal
 11887 | D:11     | Noticed a cyclops
 11986 | D:11     | Noticed a cyclops
 11991 | D:11     | Killed a cyclops
 11992 | D:11     | Reached XP level 12. HP: 59/59 MP: 11/27
 12418 | D:11     | Found a staircase to the Orcish Mines.
 12734 | D:11     | Found a staircase to the Lair.
 12918 | D:11     | Reached skill level 1 in Armour
 12973 | D:12     | Noticed a two-headed ogre
 12984 | D:12     | Killed a two-headed ogre
 13009 | D:12     | Noticed a two-headed ogre
 13020 | D:12     | Killed a two-headed ogre
 13020 | D:12     | Reached **** piety under Qazlal
 13088 | D:12     | Reached skill level 12 in Air Magic
 13660 | D:12     | Noticed Frances
 13675 | Lair:1   | Entered Level 1 of the Lair of Beasts
 13827 | Lair:1   | Reached skill level 10 in Conjurations
 13908 | Lair:1   | Found a gate leading to a gauntlet.
 13927 | Gauntlet | Entered a Gauntlet
 13927 | Gauntlet | Found a runed translucent door.
 13927 | Gauntlet | Found a transporter.
 13927 | Gauntlet | Found a runed translucent door.
 13927 | Gauntlet | Found a transporter.
 13932 | Gauntlet | Noticed a tengu warrior
 13945 | Gauntlet | Found a transporter.
 13949 | Gauntlet | Found a transporter.
 13958 | Gauntlet | Found a transporter.
 13961 | Gauntlet | Found a transporter.
 13963 | Gauntlet | Noticed a catoblepas
 13969 | Gauntlet | Found a transporter.
 13986 | Gauntlet | Found a transporter.
 14008 | Gauntlet | Found a transporter.
 14012 | Gauntlet | Found a transporter.
 14020 | Gauntlet | Found a transporter.
 14024 | Gauntlet | Found a transporter.
 14140 | Gauntlet | Learned a level 5 spell: Summon Forest
 14477 | Gauntlet | Identified the +11 whip of Hubris {pain, MP-9 Dex+6}
 14788 | Gauntlet | Noticed a minotaur
 14807 | Gauntlet | Identified the staff of air "Attuh" {rElec rN+ Str+4}
 14807 | Gauntlet | Identified the +1 chain mail of Amorality {Harm}
 15219 | Lair:1   | Identified the +4 flail of Kismet {freeze, Contam rF+ rC+++
                  | rN++}
 15300 | Lair:1   | Reached skill level 5 in Summonings
 15559 | Lair:2   | Reached XP level 13. HP: 63/63 MP: 17/29
 15579 | Lair:2   | Found a transporter.
 15591 | Lair:2   | Reached skill level 13 in Air Magic
 15771 | Lair:2   | Noticed Nergalle
 15781 | Lair:2   | Killed Nergalle
 15783 | Lair:2   | Reached ***** piety under Qazlal
 15875 | Lair:2   | Identified the ring "Xalofoh" {Will+ Int+6}
 16400 | Lair:2   | You are sucked into a shaft and drop 2 floors!
 16767 | Lair:4   | Identified a scroll of acquirement
 16768 | Lair:4   | Acquired 1018 gold pieces
 16821 | Lair:4   | Identified the +3 rapier "Caapt" {flame, Int+4}
 17018 | Lair:2   | Found a transporter.
 17058 | Lair:2   | Reached skill level 1 in Fighting
 17420 | Lair:3   | Reached skill level 1 in Short Blades
 17522 | Lair:3   | Found a staircase to the Swamp.
 17740 | Lair:3   | Reached skill level 14 in Air Magic
 17993 | Lair:3   | Found a hole to the Spider Nest.
 18578 | Lair:5   | Entered Level 5 of the Lair of Beasts
 18827 | Lair:5   | Reached XP level 14. HP: 72/72 MP: 23/31
 18850 | Lair:5   | Got Niompuel's Codex of Twisted Hurting
 19364 | Lair:5   | Noticed Sonja
 19371 | Lair:5   | Killed Sonja
 19414 | Lair:5   | Found a runed translucent door.
 19832 | Lair:5   | Identified the +0 scale mail of Valour {+Inv Regen+}
 20208 | Lair:5   | Reached ****** piety under Qazlal
 20319 | Lair:5   | Noticed a dire elephant
 20327 | Lair:5   | Killed a dire elephant
 20914 | Lair:5   | Reached skill level 15 in Air Magic
 20916 | Lair:5   | Found a staircase to the Slime Pits.
 20917 | Lair:5   | Found a viscous altar of Jiyva.
 21064 | Orc:1    | Entered Level 1 of the Orcish Mines
 21230 | Orc:1    | Noticed Jorgrun
 21237 | Orc:1    | Killed Jorgrun
 21500 | Orc:2    | Entered Level 2 of the Orcish Mines
 21500 | Orc:2    | Found a staircase to the Elven Halls.
 21522 | Orc:2    | Noticed an orc warlord
 21535 | Orc:2    | Killed an orc warlord
 21536 | Orc:2    | Noticed an orc warlord
 21594 | Orc:1    | Killed an orc warlord
 22076 | Orc:2    | Found Uqalism's Book Shoppe.
 22360 | Orc:2    | Reached XP level 15. HP: 80/80 MP: 5/33
 22504 | Orc:2    | Reached skill level 5 in Short Blades
 22569 | Orc:2    | Found Ziw Giff's Jewellery Boutique.
 22569 | Orc:2    | Found Fall's Antique Weapon Emporium.
 22571 | Orc:2    | Found Ciakaxt's Distillery.
 22571 | Orc:2    | Found Nanuw's Armour Emporium.
 22581 | Orc:2    | Bought a potion of heal wounds for 70 gold pieces
 22831 | Orc:2    | Learned a level 6 spell: Summon Cactus Giant
 23035 | D:12     | Killed from afar by Frances

Illustrated notes

Levels and vault maps discovered:
D:1:      doesnt_arrival_eight_statues, layout_loops_corners,
          hellmonk_ecumenical_altar_arch_garden
D:2:      layout_loops_ring
D:3:      layout_basic, mainiacjoe_overflow_large_starburst
D:4:      cheibrodos_fertilizer, layout_basic, nicolae_overflow_hidden_temple,
          portal_sewer_entry_f, gammafunk_ghost_stat_death, uniq_grinder
D:5:      layout_cave_pools, nicolae_elyvilon_temple_path,
          minmay_temple_entry_wispy
D:6:      layout_gridville, jmf_multi_god_temple2, tso_oasis_becter,
          roderic_cross_of_infinity
D:7:      layout_basic, zin_statuary
D:8:      layout_loops_corners, nicolae_wu_jian_glorious_leap,
          minmay_misc_feat_rows, uniq_erica
D:9:      layout_long_grid, general_overflow_altar, hangedman_decor_opposing,
          uniq_harold
D:10:     layout_loops_ring, mainiacjoe_overflow_boulevard,
          kennysheep_orc_sif_temple, uniq_maurice, uniq_grum
D:11:     layout_gridville, grunt_lair_entry_orc_guard_hut, zombieorc1_lemuel
D:12:     layout_basic, uniq_frances, uniq_azrael
Temple:   hellmonk_temple_beads
Lair:1:   layout_regular_city, gauntlet_entry_generic
Lair:2:   gammafunk_cloud_chamber, layout_regular_city, st_stairs_11,
          minivault_26, dreamdust_wasp_nest, uniq_nergalle
Lair:3:   layout_chaotic_city, swamp_mist, hellmonk_spider_entry_not_the_bees,
          grunt_megastairs_5
Lair:4:   layout_cave_pods
Lair:5:   wormcave, layout_big_grid, hangedman_lair_caniforms_friends,
          slime_entry_1, uniq_sonja
Orc:1:    layout_diamond_mine, uniq_jorgrun
Orc:2:    grunt_orc_tribal_feast, layout_caves, serial_shops,
          nicolae_shop_crystal

Skill      XL: |  1  2  3  4  5  6  7  8  9 10 11 12 13 14 15 |
---------------+----------------------------------------------+-----
Conjurations   | 2 3 4 5 6 7 8 9 10 11 12 | 12.5
Fire Magic     | 1 2 3 4 5 6 7 8 9 |  9.6
Evocations     | 1 2 3 4 5 |  5.6
Air Magic      | 5 6 7 9 10 11 12 14 15 | 15.7
Spellcasting   | 3 5 7 9 10 11 12 13 | 13.7
Translocations | 2 3 4 |  4.5
Summonings     | 2 5 6 8 |  8.8
Armour         | 3 4 |  4.3
Fighting       | 2 4 |  4.1
Short Blades   | 2 4 5 |  5.2
Staves         | |  0.1
Dodging        | |  2.8
Stealth        | |  2.0
Shields        | |  0.1
Ice Magic      | |  0.1

Action                     |  1- 3 |  4- 6 |  7- 9 | 10-12 | 13-15 || total
---------------------------+-------+-------+-------+-------+-------++-------
  Melee: Unarmed           |     1 |       |       |       |       ||     1
         Staff             |       |    19 |     2 |    16 |     2 ||    39
         Kick              |       |     4 |       |     6 |     2 ||    12
         Peck              |       |     1 |       |     5 |       ||     6
         Punch             |       |       |       |     1 |       ||     1
         Rapier            |       |       |       |       |    10 ||    10
   Cast: Shock             |    82 |   128 |   170 |   204 |   210 ||   794
         Static Discharge  |       |     1 |     2 |       |     8 ||    11
         Airstrike         |       |       |    36 |   207 |   266 ||   509
         Volatile Blastmot |       |       |     4 |    19 |     2 ||    25
         Iskenderun's Batt |       |       |       |    31 |    59 ||    90
         Iskenderun's Myst |       |       |       |    24 |    72 ||    96
         Hailstorm         |       |       |       |     4 |    17 ||    21
         Summon Forest     |       |       |       |       |     6 ||     6
         Starburst         |       |       |       |       |     3 ||     3
  Evoke: Wand              |       |     1 |       |       |     4 ||     5
    Use: Scroll            |     7 |       |    14 |    12 |    10 ||    43
         Potion            |       |     3 |       |     4 |     6 ||    13
 Armour: Robe              |     5 |    20 |     9 |    17 |     1 ||    52
         Skin              |       |    16 |       |       |       ||    16
         Troll leather arm |       |       |       |       |    20 ||    20
  Dodge: Dodged            |    16 |    53 |    54 |   124 |   100 ||   347
         Repelled          |       |       |       |       |     3 ||     3
  Block: Other             |       |       |       |    15 |    44 ||    59
